AoeStats
← Gabriel David

Arabia

507379401Analyzed
1v1 RM · 2mo ago on Sep 18, 2026· 55m 5s· 2 players
Game mode
Random Map
Map size
Tiny (2 player)
Population
200
Speed
Normal
Resources
Standard
Victory
Conquest
Starting age
Dark Age
Ending age
Imperial Age
RankedLock teamsTeams togetherTeam positionsShared explorationLock speedFull tech treeHidden civsTurbo modeCheats
Victory
Defeat
🇺🇸 Huns · United States
649
+18
vs
🇧🇷 Chinese · Brazil
703
-18
Pendrak
7:25 Loom
10:03 Feudal Age
15:30 Double-Bit Axe
17:15 Horse Collar
19:38 Castle Age
22:20 Stone Mining
22:24 Gold Mining
26:17 Bow Saw
27:00 Husbandry
27:10 Bloodlines
34:28 Padded Archer Armor
34:19 Fletching
34:39 Forging
34:35 Scale Barding Armor
38:37 Wheelbarrow
37:47 Town Watch
41:03 Imperial Age
38:34 Town Patrol
40:48 Leather Archer Armor
40:28 Bodkin Arrow
41:09 Iron Casting
40:54 Chain Barding Armor
40:38 Heavy Plow
40:57 Hand Cart
41:17 Thumb Ring
41:49 Cavalier
43:00 Parthian Tactics
42:43 Heavy Cavalry Archer
44:50 Gold Shaft Mining
45:07 Bracer
46:07 Blast Furnace
45:43 Plate Barding Armor
46:27 Two-Man Saw
46:20 Paladin
54:32 Ballistics
55:13 Chemistry
54:09 Murder Holes
Gabriel David
6:11 Loom
11:01 Feudal Age
13:22 Horse Collar
18:57 Forging
18:53 Scale Barding Armor
21:04 Wheelbarrow
20:59 Gold Mining
22:25 Bloodlines
26:55 Castle Age
32:13 Hand Cart
33:58 Heavy Plow
33:46 Double-Bit Axe
34:40 Gold Shaft Mining
35:26 Iron Casting
35:12 Chain Barding Armor
34:44 Fletching
34:54 Padded Archer Armor
34:55 Scale Mail Armor
34:24 Pikeman
35:05 Squires
35:08 Elite Skirmisher
35:13 Crossbowman
35:58 Thumb Ring
39:26 Pikeman
45:22 Stone Mining
46:56 Ballistics
46:40 Heated Shot
48:11 Fortified Wall
48:13 Masonry
51:13 Imperial Age
49:21 Bodkin Arrow
50:21 Bow Saw
52:09 Arbalester
53:06 Bracer
Connection lost

Rejoining the realm…

Still unreachable

The connection could not be restored.

Session expired

The server has moved on; the page needs a fresh start.